 Dungeon Crawl Stone Soup version 0.19.0-9-gfd783f2 (webtiles) character file.

127 MovingMist the Ducker (level 5, -3/33 HPs)
             Began as a Tengu Gladiator on Nov 8, 2016.
             Was an Initiate of Okawaru.
             Slain by Pikel
             ... wielding a +1 whip of electrocution
              (6 damage)
             ... on level 4 of the Dungeon.
             The game lasted 00:09:35 (2675 turns).

MovingMist the Ducker (Tengu Gladiator)             Turns: 2675, Time: 00:09:36

Health: -3/33      AC:  3    Str: 16    XL:     5   Next: 11%
Magic:  15/15      EV: 14    Int:  8    God:    Okawaru [......]
Gold:   200        SH:  0    Dex: 18    Spells: 0 memorised, 4 levels left

rFire  + . .     SeeInvis .     a - +0 long sword
rCold  . . .     Gourm    .     p - +0 leather armour {rF+}
rNeg   . . .     Faith    .     (no shield)
rPois  .         Spirit   .     c - +0 hat
rElec  .         Reflect  .     (no cloak)
rCorr  .         Harm     .     (no gloves)
MR     .....                    (boots unavailable)
Stlth  +.........               (no amulet)
                                n - +3 ring of dexterity
                                k - ring of magical power

@: no status effects
A: beak, talons 3, able to fly 1
a: Fly, Renounce Religion


You were on level 4 of the Dungeon.
You worshipped Okawaru.
Okawaru was noncommittal.
You were hungry.

You visited 1 branch of the dungeon, and saw 4 of its levels.

You collected 200 gold pieces.

Inventory:

Hand Weapons
 a - a +0 long sword (weapon)
Missiles
 d - 3 throwing nets (quivered)
Armour
 c - a +0 hat (worn)
 p - a +0 leather armour of fire resistance (worn)
Jewellery
 g - the ring "Nuvvaot" {rCorr rC+, unknown}
   (You found it on level 4 of the Dungeon)

   [ring of resist corrosion]

   It protects you from cold.
 k - a ring of magical power (left hand)
 n - a +3 ring of dexterity (right hand)
 t - an uncursed ring of poison resistance {unknown}
Wands
 s - a wand of iceblast (12/15)
Scrolls
 j - 5 scrolls of identify {unknown}
 l - 3 scrolls of remove curse {unknown}
 o - a scroll of amnesia {unknown}
 r - a scroll of magic mapping {unknown}
 u - 2 scrolls of fear {unknown}
 v - a scroll of enchant weapon {unknown}
Potions
 b - 3 potions of curing {unknown}
 e - 2 potions of heal wounds {unknown}
 h - 2 potions of flight {unknown}
 q - a potion of cancellation {unknown}
Books
 w - a book of Callings

   Spells                             Type                      Level
   a - Summon Small Mammal            Summoning                    1
   b - Call Imp                       Summoning                    2
   c - Call Canine Familiar           Summoning                    3
   d - Summon Guardian Golem          Hexes/Summoning              3
   e - Summon Lightning Spire         Summoning/Air                4
   f - Summon Ice Beast               Ice/Summoning                4
Comestibles
 f - 3 bread rations
 i - 3 meat rations
 m - 4 fruits


   Skills:
 * Level 3.8 Fighting
 + Level 4.1 Long Blades
 - Level 2.0 Throwing
 + Level 4.2 Dodging


You had 4 spell levels left.
You didn't know any spells.

Dungeon Overview and Level Annotations

Branches:
Dungeon (4/15)
 Temple: D:4-7

Altars:
Elyvilon
Okawaru

Annotations:
D:4 Pikel


Innate Abilities, Weirdness & Mutations

You have a beak for a mouth.
You have claws for feet.
You can fly.


Message History

Pikel hits you with a whip of electrocution.
The slave closely misses you.
You closely miss Pikel. You claw Pikel, but do no damage.
Your peck misses Pikel.
Pikel is lightly wounded.
The slave hits you!
Pikel hits you with a whip of electrocution!
You barely miss Pikel.
Pikel is lightly wounded.
The slave hits you!
* * * LOW HITPOINT WARNING * * *
Pikel hits you with a whip of electrocution.
* * * LOW HITPOINT WARNING * * *
Pikel closely misses you. The slave misses you.
You riposte.
You closely miss the slave. Your kick misses the slave.
The slave is lightly wounded.
You hit Pikel but do no damage. Your peck misses Pikel.
Pikel is lightly wounded.
Pikel hits you with a whip of electrocution.
You die...

### #. ..#
###.###.####.#
#..........#.#
#.......##.#.##
##.......
#....######
.........
#(.......>.
#......###p.........
#.....pppK@#...#####
#......#####...#
#......# #...#
#.#.##.# #...# ...


pp# #...# #. ..# #...# # ...#####...###### #................ ...>.............
You could see Pikel and 4 slaves.

Vanquished Creatures
  A gnoll (D:1)
  2 adders
  2 oozes
  An adder skeleton (D:4)
  A worm (D:2)
  5 dart slugs
  A leopard gecko (D:2)
  4 orcs (D:3)
  12 giant cockroaches
  9 goblins
  3 hobgoblins
  4 kobolds
  A quokka (D:3)
  2 ball pythons
  11 bats
  6 frilled lizards
  A jackal skeleton (D:4)
  4 rats
70 creatures vanquished.

Notes
Turn   | Place    | Note
-------+----------+-------------------------------------------
     0 | D:1      | MovingMist the Tengu Gladiator began the quest for the Orb.
     0 | D:1      | Reached XP level 1. HP: 12/12 MP: 2/2
    21 | D:1      | Noticed an ogre
    34 | D:1      | Reached XP level 2. HP: 17/18 MP: 3/3
   204 | D:1      | Reached XP level 3. HP: 1/22 MP: 4/4
   206 | D:1      | HP: 1/22 [dart slug/slug dart (1)]
  1008 | D:2      | Found an iron altar of Okawaru.
  1018 | D:2      | Became a worshipper of Warmaster Okawaru
  1104 | D:2      | Reached XP level 4. HP: 27/28 MP: 5/5
  2111 | D:3      | Found a white marble altar of Elyvilon.
  2327 | D:3      | Gained mutation: You can fly. [Tengu growth]
  2327 | D:3      | Reached XP level 5. HP: 31/33 MP: 6/6
  2568 | D:4      | Got a vibrating jade ring
  2661 | D:4      | Noticed a slave
  2663 | D:4      | Noticed Pikel
  2663 | D:4      | Noticed a slave
  2663 | D:4      | Noticed a slave
  2663 | D:4      | Noticed a slave
  2675 | D:4      | Slain by Pikel

Skill      XL: |  1  2  3  4 |
---------------+-------------+-----
Fighting       | 3 |  3.8
Dodging        | 4 |  4.2
Long Blades    | 4 |  4.1
Throwing       | |  2.0

Action                   |  1- 3 |  4- 6 || total
-------------------------+-------+-------++-------
Melee: Long sword        |    61 |    68 ||   129
       Kick              |    22 |    18 ||    40
       Peck              |    11 |    13 ||    24
 Stab: Sleeping          |     1 |     4 ||     5
  Eat: Chunk             |     1 |     4 ||     5
Armor: Leather armour    |    14 |    16 ||    30
Dodge: Dodged            |    45 |    47 ||    92
       Rpst.: Long sword |    14 |    18 ||    32
